 Dungeon Crawl Stone Soup version 0.15.2 (webtiles) character file.

14000 Inkary the Fighter (level 12, -8/112 HPs)
             Began as a Hill Orc Death Knight on July 21, 2016.
             Was a Believer of Yredelemnul.
             Mangled by a hill giant
             ... wielding a +0 giant club
              (27 damage)
             ... on Level 12 of the Dungeon.
             The game lasted 01:08:13 (15924 turns).

Inkary the Fighter (Hill Orc Death Knight)         Turns: 15924, Time: 01:08:13

HP  -8/112       AC 11     Str 19      XL: 12   Next: 11%
MP  25/25        EV 11     Int 11      God: Yredelemnul [**....]
Gold 463         SH  0     Dex 16      Spells:  0 memorised, 11 levels left

rFire  . . .     SeeInvis .     m - +0 war axe (flame)
rCold  + . .     Clarity  .     Q - +0 steam dragon armour
rNeg   . . .     rCorr    .     (no shield)
rPois  .         rRot     .     q - +0 helmet
rElec  .         Spirit   .     x - +0 cloak
SustAb .         Warding  .     l - +0 pair of gloves
rMut   .         Stasis   .     (no boots)
Gourm  .                        (no amulet)
MR     .....                    E - +3 ring of dexterity
                                U - +1 ring of dexterity

@: injury mirror, slowed, very slow, not resistant to hostile enchantments, very
unstealthy
A: cold resistance 1
a: Animate Remains, Recall Undead Slaves, Injury Mirror, Renounce Religion


You were on level 12 of the Dungeon.
You worshipped Yredelemnul.
Yredelemnul was pleased with you.
You were not hungry.

You visited 1 branch of the dungeon, and saw 12 of its levels.

You collected 732 gold pieces.
You spent 269 gold pieces at shops.

Inventory:

Hand weapons
 m - a +0 war axe of flaming (weapon)
 A - a +4 dire flail of protection
 R - a +3 battleaxe
 T - a +2 mace of freezing
Armour
 e - a +2 leather armour of positive energy
 l - a +0 pair of gloves (worn)
 q - a +0 helmet (worn)
 s - a +2 leather armour of fire resistance
 w - a +0 buckler
 x - a +0 cloak (worn)
 Q - a +0 steam dragon armour (worn)
 V - a mottled dragon hide
Magical devices
 o - a wand of fireball (1) {unknown}
 r - a wand of fire (3) {unknown}
 B - a wand of slowing (4) {unknown}
 C - a wand of disintegration (14) {unknown}
 I - a wand of disintegration (14) {unknown}
 J - a wand of slowing (13) {unknown}
 K - a wand of heal wounds (6) {unknown}
 L - a wand of hasting (6) {unknown}
Comestibles
 c - 7 meat rations
 i - 7 beef jerkies
 j - 8 bread rations
 n - 13 fruits
 F - a rotting chunk of adder flesh
 G - 3 chunks of worker ant flesh
 W - 2 chunks of quokka flesh
Scrolls
 b - 2 scrolls of blinking
 f - 2 scrolls of identify
 g - 6 scrolls of magic mapping
 h - a scroll of immolation
 p - 6 scrolls of recharging
 t - 2 scrolls of enchant weapon
 y - 5 scrolls of teleportation
 M - 2 scrolls of amnesia {unknown}
 N - a scroll of brand weapon {unknown}
 X - a scroll of remove curse
Jewellery
 d - an uncursed ring of protection from cold
 z - an uncursed ring of positive energy
 E - a +3 ring of dexterity (right hand)
 U - a +1 ring of dexterity (left hand)
Potions
 a - 2 potions of flight {unknown}
 k - a potion of invisibility
 u - a potion of mutation
 v - a potion of resistance
 D - a potion of brilliance
 H - a potion of haste
 O - 2 potions of magic
 P - a potion of restore abilities {unknown}
 Y - 2 potions of might
Miscellaneous
 S - a phial of floods
 Z - an ornate deck of changes


   Skills:
 + Level 12.0 Fighting
 - Level 11.8(12.8) Axes
 + Level 6.5(9.2) Maces & Flails
   Level 2.6(7.0) Polearms
 + Level 9.2 Armour
 - Level 0.7 Dodging
 - Level 5.0 Shields
 + Level 9.0 Invocations
 - Level 4.0 Evocations


You had 11 spell levels left.
You didn't know any spells.

Dungeon Overview and Level Annotations

Branches:
Dungeon (12/15)            Temple (0/1) D:4             Orc (0/4) D:12
   Lair (0/8) D:11

Altars:
Fedhas
Okawaru
Qazlal
Sif Muna
Zin
The Shining One

Shops:
D:6 %==   D:7 [


Innate Abilities, Weirdness & Mutations

Your flesh is cold resistant.


Message History

Use which ability? (? or * to list)
You offer yourself to Yredelemnul, and fill with unholy energy.
The deep elf fighter mumbles some strange words.
The deep elf fighter blinks!
Josephine hits the deep elf priest but does no damage.
The deep elf priest mumbles some strange prayers to its god against Josephine.
Josephine is smitten.
The deep elf fighter barely misses Josephine.
The hill giant hits you with a giant club!
* * * LOW HITPOINT WARNING * * *
Yredelemnul mirrors your injury!
The hill giant is heavily wounded.
Unknown command.
You slice the hill giant!! You burn the hill giant!
The hill giant is almost dead.
The deep elf priest completely misses Josephine.
Josephine hits the deep elf priest with a dagger.
The hill giant hits you with a giant club!!
You die...
Your body rises from the dead as a mindless zombie.

###########
#eZC@Z....#######
#$e######.......#
C.e.....§e#
#######Z##
#####.e...#
#...Z..# ##...##
#.###..# ##.##
#.# #..# #.# #.#
#.Z# . #.#
#.####Z# ..#
##+## #....Z.#


You could see a hill giant, a deep elf priest, a deep elf fighter, a friendly
seven-headed hydra zombie and the friendly Josephine the human zombie.

Vanquished Creatures
  Josephine (D:12)
  A hydra (D:12)
  An ugly thing (D:12)
  A gargoyle (D:10)
  A komodo dragon (D:11)
  2 kobold demonologists (D:11)
  A two-headed ogre (D:8)
  2 hippogriffs
  A steam dragon (D:10)
  3 vampire mosquitoes (D:12)
  A hill giant skeleton (D:12)
  A black bear (D:5)
  3 orc warriors
  6 ogres
  A yellow wasp (D:12)
  A necrophage (D:11)
  2 phantoms
  A crocodile (D:11)
  A giant frog (D:11)
  5 centaurs
  Blork the orc (D:7)
  A cyclops zombie (D:8)
  A wyvern zombie (D:11)
  A hippogriff zombie (D:7)
  5 scorpions
  3 wights (D:9)
  A killer bee (D:10)
  Dowan (D:7)
  2 centaur zombies (D:12)
  3 hounds
  2 crimson imps (D:8)
  3 giant frog zombies
  2 gnoll shamans
  4 orc priests
  3 jellies
  4 worker ants
  7 orc wizards
  An elf skeleton (D:12)
  A spectral orc (D:10)
  3 iguanas (D:11)
  Ijyb (D:4)
  A hound zombie (D:8)
  A worker ant zombie (D:7)
  A gnoll zombie (D:9)
  6 adders
  10 gnolls
  An orc zombie (D:8)
  3 shadow imps
  A worm (D:5)
  An adder zombie (D:5)
  2 oozes
  34 orcs
  2 ball pythons
  3 giant cockroaches
  11 goblins
  15 hobgoblins
  6 quokkas
  9 bats
  4 giant geckos
  8 giant newts
  7 jackals
  20 kobolds
  2 orc skeletons
  10 rats
  2 ballistomycetes (D:11)
246 creatures vanquished.

Vanquished Creatures (collateral kills)
  Urug (D:10)
  Nergalle (D:10)
  An unseen horror (D:12)
  2 hill giants (D:11)
  A cyclops (D:11)
  2 centaur skeletons
  A komodo dragon (D:11)
  A deep elf mage (D:9)
  An orc warrior (D:10)
  A hungry ghost (D:11)
  A wyvern (D:9)
  6 yaks (D:11)
  A vampire mosquito (D:12)
  2 humans (D:11)
  A hill giant zombie (D:10)
  A hippogriff (D:8)
  Edmund (D:7)
  A mottled dragon (D:11)
  A sky beast (D:10)
  A phantom (D:8)
  5 centaurs
  2 crocodiles
  A manticore skeleton (D:12)
  4 ogres
  An orc skeleton (D:11)
  Sigmund (D:7)
  Duvessa (D:7)
  4 big kobolds
  2 gnoll sergeants
  A tengu simulacrum (D:12)
  10 jellies
  A troll zombie (D:11)
  A hippogriff zombie (D:12)
  6 giant frogs
  3 scorpions
  11 wights
  18 killer bees
  6 crimson imps
  2 giant frog zombies
  A gnoll shaman (D:9)
  6 hounds
  An orc priest (D:3)
  6 orc wizards
  4 iguanas
  5 spectral orcs (D:10)
  A two-headed ogre skeleton (D:12)
  6 worker ants
  A killer bee zombie (D:11)
  An ogre zombie (D:7)
  13 gnolls
  8 adders
  An ufetubus (D:11)
  An adder skeleton (D:8)
  An iguana skeleton (D:6)
  2 giant geckos
  17 orcs
  A bat skeleton (D:5)
  A bat zombie (D:6)
  A giant cockroach (D:8)
  2 goblins
  4 hobgoblins
  A jackal (D:9)
  A bat (D:5)
  A giant newt (D:2)
  A giant spore (D:11)
  7 kobolds
  2 rats
  2 rat skeletons
  3 ballistomycetes (D:11)
210 creatures vanquished.

Vanquished Creatures (others)
  15 flying skulls
  4 vampires
  A vampire mosquito zombie (D:12)
  A yellow wasp zombie (D:12)
  2 centaur zombies
  An orc wizard (D:11)
  A killer bee zombie (D:11)
  2 hound zombies
  A mummy (D:9)
  A scorpion zombie (D:12)
  A giant spore (D:11)
  A hobgoblin skeleton (D:3)
  A hobgoblin zombie (D:5)
  2 kobold zombies (D:11)
  An orc zombie (D:3)
  A rat zombie (D:3)
  4 plants (D:3)
40 creatures vanquished.

Grand Total: 496 creatures vanquished

Notes
Turn   | Place    | Note
--------------------------------------------------------------
     0 | D:1      | Inkary, the Hill Orc Death Knight, began the quest for the Orb.
     0 | D:1      | Reached XP level 1. HP: 18/18 MP: 2/2
   218 | D:1      | Reached XP level 2. HP: 23/25 MP: 4/4
   709 | D:2      | Reached XP level 3. HP: 31/31 MP: 5/5
  1416 | D:2      | Acquired Yredelemnul's second power
  1435 | D:2      | Reached XP level 4. HP: 35/40 MP: 7/7
  1647 | D:2      | Reached skill level 4 in Fighting
  2242 | D:3      | Found a glowing golden altar of the Shining One.
  2242 | D:3      | Found a deep blue altar of Sif Muna.
  2311 | D:3      | Found a stormy altar of Qazlal.
  2793 | D:3      | Reached XP level 5. HP: 28/47 MP: 5/8
  3155 | D:3      | Noticed an ogre
  3163 | D:3      | Killed an ogre
  3163 | D:3      | Acquired Yredelemnul's third power
  3163 | D:3      | Reached skill level 5 in Fighting
  3163 | D:3      | Reached skill level 1 in Maces & Flails
  3163 | D:3      | Reached XP level 6. HP: 40/56 MP: 10/10
  3491 | D:4      | Noticed Ijyb
  3545 | D:4      | Killed Ijyb
  3717 | D:4      | Reached skill level 6 in Fighting
  3758 | D:4      | Found a staircase to the Ecumenical Temple.
  4075 | D:4      | Found a blossoming altar of Fedhas.
  4299 | D:5      | Entered Level 5 of the Dungeon
  4390 | D:5      | Reached skill level 1 in Shields
  4390 | D:5      | Reached XP level 7. HP: 56/64 MP: 11/11
  4861 | D:5      | Reached skill level 1 in Polearms
  5063 | D:5      | Reached skill level 7 in Fighting
  5079 | D:5      | Received a gift from Yredelemnul
  5377 | D:5      | Reached XP level 8. HP: 60/73 MP: 13/13
  6069 | D:6      | Acquired Yredelemnul's fourth power
  6069 | D:6      | Reached skill level 8 in Fighting
  6244 | D:6      | Found Cuatun's Jewellery Shoppe.
  6272 | D:6      | Bought a +3 ring of dexterity for 204 gold pieces
  6349 | D:6      | Received a gift from Yredelemnul
  6554 | D:6      | Found a glowing silver altar of Zin.
  6555 | D:6      | Noticed an angel
  6652 | D:6      | Reached skill level 5 in Shields
  6681 | D:6      | Found Iwujalyo's Jewellery Shoppe.
  6833 | D:6      | Found Uggumu's Food Shop.
  6841 | D:6      | Bought a meat ration for 65 gold pieces
  6866 | D:7      | Noticed Edmund
  6868 | D:7      | Noticed Duvessa
  6868 | D:7      | Noticed Dowan
  6868 | D:7      | Killed Edmund
  6868 | D:7      | Reached XP level 9. HP: 82/82 MP: 16/16
  6873 | D:7      | Killed Duvessa
  6873 | D:7      | Reached skill level 5 in Axes
  6875 | D:7      | Killed Dowan
  6938 | D:7      | Noticed Sigmund
  6944 | D:7      | Killed Sigmund
  7028 | D:7      | Received a gift from Yredelemnul
  7123 | D:7      | Reached skill level 5 in Invocations
  7204 | D:7      | Noticed Blork the orc
  7209 | D:7      | Killed Blork the orc
  7236 | D:7      | Found Uhataj's Antique Armour Boutique.
  7428 | D:7      | Reached skill level 9 in Fighting
  7967 | D:7      | Received a gift from Yredelemnul
  8575 | D:8      | Reached skill level 5 in Armour
  9224 | D:9      | Received a gift from Yredelemnul
  9427 | D:9      | Reached XP level 10. HP: 80/92 MP: 20/20
  9767 | D:9      | Reached skill level 10 in Fighting
 10349 | D:10     | Entered Level 10 of the Dungeon
 10443 | D:10     | Noticed Nergalle
 10456 | D:10     | Killed Nergalle
 10740 | D:10     | Noticed Urug
 10750 | D:10     | Killed Urug
 10750 | D:10     | Reached skill level 5 in Maces & Flails
 10751 | D:10     | Received a gift from Yredelemnul
 11381 | D:10     | Reached skill level 1 in Evocations
 11385 | D:10     | Reached skill level 10 in Axes
 12019 | D:11     | Noticed a hill giant
 12025 | D:11     | Killed a hill giant
 12025 | D:11     | Reached XP level 11. HP: 89/101 MP: 18/22
 12026 | D:11     | Received a gift from Yredelemnul
 12037 | D:11     | Noticed a hill giant
 12039 | D:11     | Killed a hill giant
 12079 | D:11     | Found an iron altar of Okawaru.
 12156 | D:11     | Reached skill level 11 in Axes
 12452 | D:11     | Noticed a sun demon
 12932 | D:11     | Gained mutation: Your flesh is cold resistant. [potion of beneficial mutation]
 12935 | D:11     | Received a gift from Yredelemnul
 13729 | D:11     | Found a staircase to the Lair.
 13875 | D:11     | Received a gift from Yredelemnul
 13982 | D:12     | Found a staircase to the Orcish Mines.
 14704 | D:12     | Noticed Josephine
 14714 | D:12     | Killed Josephine
 15130 | D:12     | Killed an unseen horror
 15153 | D:12     | Reached XP level 12. HP: 87/112 MP: 24/24
 15217 | D:12     | Reached skill level 12 in Fighting
 15260 | D:12     | Noticed a seven-headed hydra
 15274 | D:12     | HP: 4/112 [seven-headed hydra (7)]
 15276 | D:12     | Killed a seven-headed hydra
 15901 | D:12     | Noticed a hill giant
 15924 | D:12     | Mangled by a hill giant

Action                   |  1- 3 |  4- 6 |  7- 9 | 10-12 || total
-------------------------+-------+-------+-------+-------++-------
Melee: Hand axe          |    99 |    82 |       |       ||   181
       Flail             |       |   221 |    60 |       ||   281
       Spear             |       |       |   126 |       ||   126
       War axe           |       |       |   134 |    36 ||   170
       Great sword       |       |       |       |   216 ||   216
       Battleaxe         |       |       |       |   137 ||   137
Invok: Animate Remains   |     1 |     5 |       |     5 ||    11
       Animate Dead      |       |     4 |     8 |    12 ||    24
       Recall Undead Sla |       |       |     1 |     4 ||     5
       Drain Life        |       |       |       |     4 ||     4
       Injury Mirror     |       |       |       |     4 ||     4
  Use: Scroll            |       |     5 |     5 |    13 ||    23
       Potion            |       |       |       |     4 ||     4
 Stab: Distracted        |       |       |     4 |     7 ||    11
       Sleeping          |       |       |     1 |     1 ||     2
       Confused          |       |       |       |     2 ||     2
  Eat: Chunk             |     2 |     9 |    14 |    11 ||    36
       Fruit             |       |     1 |     2 |     1 ||     4
       Pizza             |       |       |     1 |     1 ||     2
       Royal jelly       |       |       |       |     4 ||     4
       Beef jerky        |       |       |       |     2 ||     2
